 Dungeon Crawl Stone Soup version 0.28.0-43-g3370ac3207 (webtiles) character file.

Game seed: 4392535016442647102

224 Ablot the Grasshopper (level 6, 0/50 HPs)
             Began as a Gnoll Warper on Mar 7, 2022.
             Was an Initiate of Elyvilon.
             Succumbed to a kobold brigand's poison
             ... on level 4 of the Dungeon.
             The game lasted 00:04:10 (4111 turns).

Ablot the Grasshopper (Gnoll Warper)                Turns: 4111, Time: 00:04:10

Health: 0/50       AC:  4    Str: 15    XL:     6   Next: 0%
Magic:  22/22      EV: 13    Int: 12    God:    Elyvilon [......]
Gold:   98         SH:  0    Dex: 11    Spells: 13/15 levels left

rFire   . . .      SeeInvis .   i - +2 dagger (venom)
rCold   . . .      Faith    .   (no shield)
rNeg    + . .      Spirit   .   b - +0 leather armour
rPois   .          Reflect  .   (no helmet)
rElec   .          Harm     .   (no cloak)
rCorr   .          Rampage  .   n - +0 pair of gloves
Will    +....                   (no boots)
Stlth   +.........              (no amulet)
HPRegen 0.16/turn               q - ring of positive energy
MPRegen 0.18/turn               l - ring "Viteruh" {Will+ MP+9 Str+2}

@: lethally poisoned (0 -> -23)
A: fangs 1, strong nose, distributed training
a: Renounce Religion


You were on level 4 of the Dungeon.
You worshipped Elyvilon.
Elyvilon was noncommittal.
You visited 2 branches of the dungeon, and saw 5 of its levels.

You collected 98 gold pieces.

Inventory:

Hand Weapons
 a - a +0 spear
 i - a +2 dagger of venom (weapon)
Missiles
 d - 5 boomerangs of dispersal
 e - 38 arrows
 h - 105 stones
 m - 11 poisoned darts (quivered)
Armour
 b - a +0 leather armour (worn)
 n - a +0 pair of gloves (worn)
Jewellery
 l - the ring "Viteruh" (right hand) {Will+ MP+9 Str+2}
   (You found it on level 2 of the Dungeon)

   [ring of willpower]

   Str:       It affects your strength (+2).
   MP:        It affects your magic capacity (+9).
   Will:      It increases your willpower.
 q - a ring of positive energy (left hand)
Scrolls
 c - a scroll of blinking
 p - 3 scrolls of identify {unknown}
 s - a scroll of acquirement {unknown}
Potions
 f - 5 potions of heal wounds
 g - 2 potions of might {unknown}
 j - a potion of lignification {unknown}
 k - a potion of invisibility {unknown}
 o - a potion of brilliance {unknown}
 r - 2 potions of curing {unknown}


   Skills:
 + Level 4.9 Fighting
 + Level 1.7 Short Blades
 + Level 1.7 Long Blades
 + Level 1.7 Axes
 + Level 1.7 Maces & Flails
 + Level 4.9 Polearms
 + Level 1.7 Staves
 + Level 1.7 Slings
 + Level 1.7 Bows
 + Level 1.7 Crossbows
 + Level 3.1 Throwing
 + Level 3.1 Armour
 + Level 4.9 Dodging
 + Level 1.7 Stealth
 + Level 1.7 Shields
 + Level 1.7 Unarmed Combat
 + Level 5.2 Spellcasting
 + Level 1.3 Conjurations
 + Level 1.3 Hexes
 + Level 1.3 Summonings
 + Level 1.3 Necromancy
 + Level 5.6 Translocations
 + Level 1.3 Transmutations
 + Level 1.3 Fire Magic
 + Level 1.3 Ice Magic
 + Level 1.3 Air Magic
 + Level 1.3 Earth Magic
 + Level 1.3 Poison Magic
 + Level 1.9 Invocations
 + Level 1.7 Evocations


You had 13 spell levels left.
You knew the following spells:

 Your Spells              Type           Power      Damage    Failure   Level
a - Blink                 Tloc           32%        N/A       3%          2

Your spell library contained the following spells:

 Spells                   Type           Power      Damage    Failure   Level
 Gell's Gravitas          Tloc           16%        N/A       7%          3
 Lesser Beckoning         Tloc           16%        N/A       7%          3
 Teleport Other           Tloc           16%        N/A       7%          3
 Manifold Assault         Tloc           16%        N/A       54%         5


Dungeon Overview and Level Annotations

Branches:
Dungeon (4/15)             Temple (1/1) D:4

Altars:
Ashenzari
Elyvilon
Fedhas
Gozag
Kikubaaqudgha
Makhleb
Nemelex Xobeh
Trog
Uskayaw
Vehumet


Innate Abilities, Weirdness & Mutations

You have very sharp teeth.
Your uncanny sense of smell can sniff out nearby items.
Your experience applies equally to all skills.


Message History

The poisoned dart closely misses you.
The kobold brigand throws a poisoned dart.
The poisoned dart hits you!
You are poisoned.
You feel sick.
The kobold brigand hits you with a +2 dagger of venom!
You are more poisoned.
You closely miss the kobold brigand.
The kobold brigand is lightly wounded.
You feel very sick.
The kobold brigand hits you with a +2 dagger of venom.
You are more poisoned.
You hit the kobold brigand.
The kobold brigand looks even sicker.
The kobold brigand is lightly wounded.
You feel very sick. The kobold brigand closely misses you.
You hit the kobold brigand.
You bite the kobold brigand, but do no damage.
The kobold brigand is moderately wounded.
You feel very sick. The kobold brigand barely misses you.
You hit the kobold brigand.
The kobold brigand looks as sick as possible!
You bite the kobold brigand, but do no damage.
The kobold brigand is moderately wounded.
You feel very sick.
You feel very sick.
The kobold brigand hits you with a +2 dagger of venom.
* * * LOW HITPOINT WARNING * * *
You are lethally poisoned!
* * * LOW HITPOINT WARNING * * *
You feel very sick.
The kobold brigand throws a poisoned dart.
The poisoned dart hits you!
You are more poisoned.
* * * LOW HITPOINT WARNING * * *
You feel very sick.
The kobold brigand throws a poisoned dart.
The poisoned dart barely misses you.
You die...

# ##. .# #...# #
#.##g## # #...#
#.##.#...# # #...#
#......# #...#
####.#...# .#
###...########.# .##
#..#...........##÷# #
..................## #
................@<.#.#
######...#...#..#.##.##
# #......#..##.#...# #
###...####..##...#
#....####..K##.#.).#
.....#...##...(##.##.##
##..###....÷#..(......#
#.. #.>..#..##.#.##.#
#. #....##.###.#.# .


There were no monsters in sight!

Vanquished Creatures
  A black bear (D:4)
  3 adders
  2 ufetubi (D:3)
  4 worms
  4 dart slugs
  4 orcs (D:4)
  4 ball pythons
  7 endoplasms
  3 giant cockroaches
  6 goblins
  5 hobgoblins
  6 jackals
  8 kobolds
  3 quokkas
  5 bats
  3 frilled lizards
  2 rats
70 creatures vanquished.

Notes
Turn   | Place    | Note
-------+----------+-------------------------------------------
     0 | D:1      | Ablot the Gnoll Warper began the quest for the Orb.
     0 | D:1      | Reached XP level 1. HP: 20/20 MP: 6/6
   362 | D:1      | Reached XP level 2. HP: 26/26 MP: 7/7
   365 | D:1      | Learned a level 2 spell: Blink
   575 | D:1      | Found a faded altar of an unknown god.
  1201 | D:2      | Reached XP level 3. HP: 21/31 MP: 9/9
  1352 | D:2      | Reached skill level 5 in Spellcasting
  1717 | D:2      | Identified the ring "Viteruh" {Will+ MP+9 Str+2}
  1734 | D:2      | Reached skill level 1 in Invocations
  1984 | D:2      | Reached skill level 1 in Short Blades
  1984 | D:2      | Reached skill level 1 in Long Blades
  1984 | D:2      | Reached skill level 1 in Axes
  1984 | D:2      | Reached skill level 1 in Maces & Flails
  1984 | D:2      | Reached skill level 1 in Staves
  1984 | D:2      | Reached skill level 1 in Slings
  1984 | D:2      | Reached skill level 1 in Bows
  1984 | D:2      | Reached skill level 1 in Crossbows
  1984 | D:2      | Reached skill level 1 in Stealth
  1984 | D:2      | Reached skill level 1 in Shields
  1984 | D:2      | Reached skill level 1 in Unarmed Combat
  1984 | D:2      | Reached skill level 1 in Evocations
  2050 | D:2      | Reached XP level 4. HP: 26/38 MP: 11/11
  2340 | D:3      | You fall into a shaft and drop 1 floor!
  2773 | D:3      | Reached skill level 1 in Conjurations
  2773 | D:3      | Reached skill level 1 in Hexes
  2773 | D:3      | Reached skill level 1 in Summonings
  2773 | D:3      | Reached skill level 1 in Necromancy
  2773 | D:3      | Reached skill level 1 in Transmutations
  2773 | D:3      | Reached skill level 1 in Fire Magic
  2773 | D:3      | Reached skill level 1 in Ice Magic
  2773 | D:3      | Reached skill level 1 in Air Magic
  2773 | D:3      | Reached skill level 1 in Earth Magic
  2773 | D:3      | Reached skill level 1 in Poison Magic
  3446 | D:3      | Found a white marble altar of Elyvilon.
  3454 | D:3      | Became a worshipper of Elyvilon the Healer
  3627 | D:4      | Reached XP level 5. HP: 36/43 MP: 12/12
  3633 | D:4      | Noticed a black bear
  3648 | D:4      | Found a staircase to the Ecumenical Temple.
  3654 | D:4      | Killed a black bear
  3655 | Temple   | Entered the Ecumenical Temple
  4073 | D:4      | Reached XP level 6. HP: 46/50 MP: 13/13
  4111 | D:4      | Succumbed to a kobold brigand's poison

Illustrated notes

Levels and vault maps discovered:
D:1:      matt_arrival_diagonals, layout_basic,
          shapermc_ecumenical_altar_pompeii, minmay_misc_feat_alley
D:2:      layout_basic
D:3:      layout_basic, nicolae_elyvilon_temple_path
D:4:      layout_loops_cross, minmay_temple_entry_wispy, grunt_decor_resistance,
          minmay_misc_feat_tower, minmay_misc_feat_iff, minmay_statues_item
Temple:   nicolae_temple_figure_zero

Skill      XL: |  1  2  3  4  5 |
---------------+----------------+-----
Spellcasting   | 5 |  5.2
Invocations    | 1 |  1.9
Short Blades   | 1 |  1.7
Long Blades    | 1 |  1.7
Axes           | 1 |  1.7
Maces & Flails | 1 |  1.7
Staves         | 1 |  1.7
Slings         | 1 |  1.7
Bows           | 1 |  1.7
Crossbows      | 1 |  1.7
Stealth        | 1 |  1.7
Shields        | 1 |  1.7
Unarmed Combat | 1 |  1.7
Evocations     | 1 |  1.7
Conjurations   | 1 |  1.3
Hexes          | 1 |  1.3
Summonings     | 1 |  1.3
Necromancy     | 1 |  1.3
Transmutations | 1 |  1.3
Fire Magic     | 1 |  1.3
Ice Magic      | 1 |  1.3
Air Magic      | 1 |  1.3
Earth Magic    | 1 |  1.3
Poison Magic   | 1 |  1.3
Throwing       | 3 |  3.1
Armour         | 3 |  3.1
Fighting       | |  4.9
Polearms       | |  4.9
Dodging        | |  4.9
Translocations | |  5.6

Action                   |  1- 3 |  4- 6 || total
-------------------------+-------+-------++-------
Melee: Spear             |    39 |       ||    39
       Dagger            |    61 |    99 ||   160
       Bite              |     7 |    15 ||    22
       Punch             |     1 |     2 ||     3
Throw: Dart              |     2 |     4 ||     6
 Cast: Blink             |       |     1 ||     1
  Use: Potion            |       |     1 ||     1
 Stab: Sleeping          |       |     1 ||     1
Armor: Leather armour    |    20 |    39 ||    59
Dodge: Dodged            |    61 |    90 ||   151
